 Dungeon Crawl Stone Soup version 0.23.1 (webtiles) character file.

Game seed: 17429342129529148838

35 Borgoz the Sneak (level 3, -1/26 HPs)
             Began as a Ghoul Enchanter on Mar 4, 2019.
             Slain by a shadow imp (4 damage)
             ... summoned by Natasha
             ... on level 2 of the Dungeon.
             The game lasted 00:03:43 (1043 turns).

Borgoz the Sneak (Ghoul Enchanter)                  Turns: 1043, Time: 00:03:44

Health: -1/26      AC:  2    Str: 11    XL:     3   Next: 35%
Magic:  3/5        EV: 12    Int: 13    God:
Gold:   41         SH:  0    Dex: 10    Spells: 2/6 levels left

rFire    . . .     SeeInvis .   f - +4 dagger
rCold    + . .     Gourm    .   (no shield)
rNeg     + + +     Faith    .   b - +0 robe
rPois    ∞         Spirit   .   (no helmet)
rElec    .         Reflect  .   (no cloak)
rCorr    .         Harm     .   (no gloves)
MR       .....                  (no boots)
Stlth    ++........             (no amulet)
HPRegen  0.00/turn              c - +3 ring of intelligence
MPRegen  0.09/turn              (no ring)

@: flying, rotting, slowed, very slow
A: rotting body, claws 1, carnivore, cold resistance 1, negative energy
resistance 3, inhibited regeneration, torment resistance, unbreathing
a: no special abilities


You were on level 2 of the Dungeon.
You were not hungry.

You visited 1 branch of the dungeon, and saw 2 of its levels.

You collected 41 gold pieces.

Inventory:

Hand Weapons
 f - a +4 dagger (weapon)
 j - a +0 dagger of venom
Missiles
 o - 6 javelins (quivered)
Armour
 b - a +0 robe (worn)
Jewellery
 c - a +3 ring of intelligence (left claw)
Scrolls
 a - a scroll of random uselessness {unknown}
 l - 3 scrolls of identify {unknown}
 m - 2 scrolls of remove curse {unknown}
 n - a scroll of blinking {unknown}
 r - a scroll of noise {unknown}
 s - a scroll of fog {unknown}
Potions
 e - a potion of magic {unknown}
 g - 2 potions of flight
 h - 2 potions of mutation {unknown}
 i - a potion of curing {unknown}
 k - a potion of ambrosia {unknown}
 q - a potion of resistance {unknown}
Comestibles
 d - 3 rations
 p - 7 chunks of flesh


   Skills:
 * Level 1.6 Short Blades
 + Level 2.3 Dodging
 + Level 3.4 Stealth
 + Level 2.0 Spellcasting
 + Level 2.6 Hexes


You had 2 spell levels left.
You knew the following spells:

 Your Spells              Type           Power        Failure   Level  Hunger
a - Corona                Hex            #......      9%          1    ##.....
b - Ensorcelled Hibernat  Hex/Ice        #.....       22%         2    ###....
c - Confusing Touch       Hex            #.....       9%          1    ##.....

Your spell library contained the following spells:

 Spells                   Type           Power        Failure   Level  Hunger
 Confuse                  Hex            #.......     26%         3    ####...
 Tukima's Dance           Hex            #.......     26%         3    ####...
 Dazzling Spray           Conj/Hex       #.....       41%         3    ####...
 Gell's Gravitas          Tloc           #.........   58%         3    ####...
 Petrify                  Tmut/Erth      #.......     94%         4    #####..
 Metabolic Englaciation   Hex/Ice        #.........   99%         5    ######.
 Yara's Violent Unravell  Hex/Tmut       #.........   99%         5    ######.


Dungeon Overview and Level Annotations

Branches:
Dungeon (2/15)

Altars:

Annotations:
D:2 Natasha


Innate Abilities, Weirdness & Mutations

Your body is rotting away.
You thrive on raw meat.
You are immune to poison.
You have sharp fingernails.
You are carnivorous and can eat meat at any time.
Your flesh is cold resistant. (rC+)
You are immune to negative energy. (rN+++)
You do not regenerate when monsters are visible.
You are immune to unholy pain and torment.
You can survive without breathing.


Message History

You hit the crimson imp.
The crimson imp is moderately wounded.
The jackal seems less confused.
Natasha barely misses the crimson imp.
The crimson imp hits you.
* * * LOW HITPOINT WARNING * * *
Natasha completely misses the crimson imp.
Unknown command.
Natasha seems less confused.
The crimson imp blinks!
The crimson imp disappears in a puff of smoke!
The shadow imp hits you.
* * * LOW HITPOINT WARNING * * *
You hit the shadow imp.
The shadow imp is lightly wounded.
The shadow imp hits you but does no damage.
It was a potion of flight.
You feel very buoyant.
You fly up into the air.
The shadow imp hits you.
* * * LOW HITPOINT WARNING * * *
The shadow imp hits you.
You die...

.....###...#####
.......(........
.....###...######
.....###.........
..........########
.....###.........#
#.#### #...#####.#
#.# #...# #.# #.#
#...# #@# #...#
#5##.# #...#
#hh#.# #...#
##h#.# ##..# #g#.#
#.#.# #.#.# ##
##.#.# h?#
#....#...##.


You could see Natasha, a shadow imp, 2 jackals and a goblin.

Vanquished Creatures
  An adder (D:2)
  A worm (D:2)
  A dart slug (D:1)
  A leopard gecko (D:2)
  A giant cockroach (D:1)
  4 goblins
  A hobgoblin (D:2)
  A jackal (D:2)
  4 bats (D:1)
  A frilled lizard (D:1)
  6 kobolds
  2 rats (D:2)
24 creatures vanquished.

Notes
Turn   | Place    | Note
-------+----------+-------------------------------------------
     0 | D:1      | Borgoz the Ghoul Enchanter began the quest for the Orb.
     0 | D:1      | Reached XP level 1. HP: 14/14 MP: 2/2
   256 | D:1      | Reached skill level 1 in Short Blades
   339 | D:1      | Reached XP level 2. HP: 16/20 MP: 0/3
   826 | D:2      | Learned a level 2 spell: Ensorcelled Hibernation
   948 | D:2      | Reached XP level 3. HP: 21/26 MP: 1/4
   970 | D:2      | Learned a level 1 spell: Confusing Touch
  1013 | D:2      | Noticed Natasha
  1043 | D:2      | Slain by a shadow imp

Skill      XL: |  1  2  3 |
---------------+----------+-----
Short Blades   | 1 |  1.6
Dodging        | 2 |  2.3
Spellcasting   | 2 |  2.0
Stealth        | |  3.4
Hexes          | |  2.6

Action                   || total
-------------------------++-------
Melee: Dagger            ||    96
 Cast: Corona            ||     6
       Ensorcelled Hiber ||     3
       Confusing Touch   ||     4
  Use: Scroll            ||     1
       Potion            ||     1
 Stab: Sleeping          ||     4
       Confused          ||     1
  Eat: Chunk             ||     5
Armor: Robe              ||    20
Dodge: Dodged            ||    48
